Map: Odyssey LE

Players

adagger

  • Race: Zerg Zerg
  • League: Platinum
  • Spawn Location: 11:00

Winthrowe

  • Race: Zerg Zerg
  • League: Silver
  • Spawn Location: 5:00

Starbuck

  • Race: Terran Terran

Nikitta

  • Race: Terran Terran

VOD

Have the link to the VOD?

Description

Time

  • Played on: Aug. 30, 2017, 8:43 p.m.
  • Length: 13:06
Show
View Real Time Build Order
Export as new Build Order

adagger Zerg 

Build Orders: Hatch First, Muta Ling Bane 

Get SALT Encoding   

  12  0:02  Drone  
  13  0:08  Drone  
  14  0:19  Extractor, Drone  
  15  0:41  Hatchery  
  14  0:57  Spawning Pool  
  14  1:02  Overlord  
  13  1:06  Drone  
  14  1:21  Drone  
  14  1:22  Drone  
  16  1:43  Queen  
  18  1:48  Drone x2  
  18  1:50  Overlord  
  18  1:53  Queen  
  22  2:04  Drone x2  
  24  2:09  Extractor  
  24  2:11  Drone x2  
  25  2:16  Zergling x2  
  26  2:23  Drone  
  26  2:27  Queen  
  26  2:29  Drone  
  30  2:37  Drone x2  
  30  2:43  Drone  
  33  2:47  Drone  
  34  2:54  Overlord  
  34  2:56  Drone  
  34  2:57  Drone  
  36  3:13  Roach Warren  
  36  3:15  Drone x5  
  40  3:23  Metabolic Boost  
  40  3:27  Drone  
  40  3:28  Drone x2  
  43  3:37  Extractor  
  43  3:40  Drone x2  
  43  3:42  Overlord x2  
  43  3:47  Overlord  
  43  3:59  Drone  
  43  4:00  Queen  
  43  4:01  Zergling x4  
  43  4:02  Hatchery, Zergling x2  
  48  4:16  Drone x2  
  50  4:17  Baneling Nest  
  49  4:38  Lair  
  49  4:42  Drone x2  
  49  4:43  Drone x2  
  53  4:45  Queen  
  55  4:55  Drone  
  55  4:56  Drone  
  57  5:02  Overlord x2  
  57  5:18  Extractor  
  56  5:26  Extractor  
  56  5:27  Drone x3  
  56  5:28  Overlord x3  
  58  5:32  Drone x2  
  60  5:52  Overlord x2  
  60  6:01  Drone x5  
  60  6:03  Drone x5  
  70  6:16  Roach  
  70  6:17  Roach x8  
  88  6:24  Queen  
  90  6:25  Hatchery  
  90  6:31  Overseer  
  90  6:32  Drone x3  
  92  6:33  Drone  
  92  6:39  Burrow  
  93  6:46  Evolution Chamber  
  92  6:49  Evolution Chamber  
  92  6:50  Glial Reconstitution  
  92  6:53  Centrifical Hooks  
  91  7:03  Roach  
  91  7:04  Roach x12  
  91  7:05  Extractor  
  116  7:12  Drone x2  
  118  7:22  Spire  
  117  7:23  Drone x3  
  117  7:27  Roach  
  117  7:28  Roach x3  
  128  7:33  Extractor  
  128  7:34  Drone x2  
  128  7:35  Drone  
  130  7:37  Overlord x2  
  130  7:40  Zergling x6  
  132  7:44  Drone  
  132  7:47  Overlord  
  132  7:57  Roach  
  134  8:04  Zerg Missile Weapons Level 1  
  134  8:05  Zerg Ground Armor Level 1  
  124  8:07  Roach  
  124  8:08  Roach x11  
  130  8:16  Drone  
  130  8:17  Drone x2  
  122  8:20  Queen  
  122  8:24  Drone x2  
  126  8:27  Drone x3  
  126  8:28  Drone  
  126  8:32  Roach  
  126  8:33  Roach x3  
  136  8:43  Drone  
  136  8:44  Drone  
  138  8:53  Roach  
  138  9:00  Mutalisk x5  
  138  9:01  Mutalisk x5  
  158  9:06  Extractor  
  158  9:07  Overlord x2  
  158  9:08  Overlord x4  
  153  9:29  Drone x2  
  155  9:38  Extractor  
  154  9:40  Drone x3  
  141  9:46  Overlord x2  
  141  9:47  Overseer  
  141  9:48  Overseer  
  133  9:54  Mutalisk  
  133  9:55  Mutalisk x8  
  143  10:05  Drone x2  
  143  10:15  Hydralisk Den  
  143  10:16  Zergling x2  
  143  10:17  Zergling x24  
  143  10:18  Zergling x12  
  161  10:23  Infestation Pit  
  158  10:31  Overseer  
  142  11:11  Hatchery  
  141  11:24  Muscular Augments  
  141  11:26  Pathogen Glands  
  141  11:28  Hive  
  131  11:33  Drone x2  
  126  11:46  Roach x9  
  126  11:47  Roach x21  
  164  11:48  Roach x3  
  192  11:55  Zergling x16  
  198  12:27  Hatchery  
  191  12:30  Evolution Chamber  
  191  12:36  Drone x3  
  191  12:37  Drone  
Show
View Real Time Build Order
Export as new Build Order

Winthrowe Zerg 

Build Orders:  

Get SALT Encoding   

  12  0:09  SCV  
  13  0:28  Supply Depot  
  13  0:35  SCV  
  14  0:47  SCV  
  15  0:51  Supply Depot  
  15  0:59  SCV, Refinery  
  16  1:04  Barracks  
  16  1:11  SCV  
  17  1:23  SCV  
  18  1:29  Barracks  
  18  1:35  SCV  
  18  1:38  Refinery  
  19  1:51  SCV  
  20  2:01  Marine  
  20  2:03  SCV  
  22  2:15  SCV  
  23  2:16  Factory  
  23  2:27  SCV  
  24  2:33  Barracks Reactor, Supply Depot  
  24  2:39  SCV  
  25  2:51  SCV  
  25  2:56  Supply Depot  
  26  2:59  Barracks Tech Lab  
  26  3:04  SCV  
  26  3:34  Marine x2  
  27  3:37  Marauder  
  27  3:39  Command Center  
  29  3:44  Supply Depot  
  28  3:58  Marine x2  
  28  4:00  Marauder  
  32  4:03  SCV  
  33  4:15  SCV  
  34  4:19  Factory Tech Lab  
  34  4:22  Combat Shields  
  34  4:23  Starport  
  34  4:27  SCV, Marauder  
  37  4:44  Orbital Command  
  37  4:53  Marine x2, Marauder  
  37  4:58  Siege Tank  
  44  5:04  Supply Depot  
  44  5:25  Engineering Bay  
  44  5:26  Medivac  
  46  5:40  Armory  
  46  5:45  SCV  
  47  5:51  Engineering Bay  
  47  5:52  Stimpack  
  47  5:56  Medivac  
  49  5:57  SCV  
  49  6:04  SCV  
  51  6:09  SCV  
  52  6:14  Marine x2  
  52  6:15  Marine  
  52  6:16  SCV  
  56  6:21  SCV  
  57  6:28  SCV  
  58  6:33  SCV  
  58  6:35  Starport Reactor  
  58  6:37  Marine  
  58  6:39  Marine, Marauder  
  63  6:40  SCV  
  63  6:45  SCV  
  63  6:46  Siege Tank  
  68  6:51  Unknown  
  68  6:55  Marine  
  68  6:57  Marine  
  68  7:00  Marauder  
  72  7:02  Supply Depot  
  72  7:10  SCV  
  73  7:16  Marine x2  
  73  7:19  Viking  
  73  7:22  SCV  
  78  7:23  Viking  
  78  7:24  Siege Tank, Marauder  
  78  7:25  Supply Depot  
  85  7:34  SCV  
  86  7:47  Marine x2, SCV, Marauder  
  91  7:52  Command Center  
  91  7:54  Supply Depot  
  91  7:55  Widow Mine  
  93  8:04  Medivac x2  
  94  8:06  Marine x2  
  94  8:09  Marauder  
  84  8:16  SCV  
  84  8:17  Supply Depot  
  81  8:20  Refinery  
  81  8:26  Marine x2  
  80  8:28  SCV  
  80  8:30  Marauder  
  82  8:40  Supply Depot, SCV  
  83  8:44  Marine x2  
  85  8:51  Concussive Shells  
  85  8:52  SCV  
  86  8:56  Marauder  
  86  9:02  Marine x2  
  90  9:03  Thor  
  90  9:04  SCV  
  90  9:09  Supply Depot  
  97  9:16  SCV  
  98  9:17  Marauder  
  98  9:20  Marine x2  
  102  9:28  SCV  
  103  9:32  Supply Depot  
  103  9:37  Marine, Medivac  
  103  9:38  Marine  
  107  9:39  Marauder  
  107  9:40  SCV  
  90  9:55  Marine x2  
  82  10:00  Marauder  
  77  10:13  Marine x2  
  75  10:20  Viking x2  
  79  10:21  Marauder  
  79  10:22  Supply Depot  
  80  10:31  Marine x2  
  80  10:34  SCV  
  82  10:37  Terran Infantry Weapons Level 1  
  80  10:43  Terran Infantry Armor Level 1, Marauder  
  80  10:45  Refinery  
  80  10:46  SCV  
  80  10:49  Marine x2  
  65  10:50  Viking x2  
  62  11:04  Marauder  
  62  11:07  Marine x2  
  66  11:24  Marine  
  66  11:25  Marine  
  67  11:26  Marauder  
  67  11:29  SCV  
  61  11:40  Thor  
  61  11:41  SCV  
  61  11:42  Marine  
  61  11:43  Marine  
  65  11:47  Marauder  
  65  11:52  Orbital Command  
  65  11:53  SCV  
  61  12:00  Marine  
  61  12:01  Marine  
  61  12:05  SCV  
  64  12:08  Marauder  
  64  12:09  Viking x2  
  68  12:18  Marine x2  
  70  12:29  Marine  
  69  12:30  SCV  
  69  12:36  Marine x2  
  37  12:47  Marine  
Show
View Real Time Build Order
Export as new Build Order

Starbuck Terran 

Build Orders:  

Get SALT Encoding   

Show
View Real Time Build Order
Export as new Build Order

Nikitta Terran 

Build Orders:  

Get SALT Encoding   

Tags
 
Add a new tag
Caveats
  • Supply blocks, unpowered buildings, or Contaminate may cause inaccurate times.
  • Supply counts are checked every 10 seconds.